 Dungeon Crawl Stone Soup version 0.30-a0-222-ge547ba4400 (webtiles) character file.

Game seed: 10287605649509869867

2730 jt the Markself (level 9, -5/75 HPs)
             Began as a Deep Elf Hunter on Oct 8, 2022.
             Was a Follower of Fedhas.
             Slain by a manticore (17 damage)
             ... on level 8 of the Dungeon.
             The game lasted 00:20:44 (8114 turns).

jt the Markself (Deep Elf Hunter)                   Turns: 8114, Time: 00:20:45

Health: -5/75      AC: 24    Str:  8      XL:     9   Next: 40%
Magic:  15/15      EV:  2    Int: 13 (15) God:    Fedhas [*.....]
Gold:   325        SH:  0    Dex: 22      Spells: 12/14 levels left

rFire   . . .      SeeInvis .    a - +0 shortbow (venom)
rCold   + . .      Faith    .    (shield currently unavailable)
rNeg    . . .      Spirit   .    (body armour currently unavailable)
rPois   +          Reflect  .    (helmet currently unavailable)
rElec   .          Harm     .    (cloak currently unavailable)
rCorr   .          Rampage  .    (gloves currently unavailable)
Will    .....      NoTele   +    (boots currently unavailable)
Stlth   ++........               (no amulet)
HPRegen 0.32/turn                t - ring of protection from cold
MPRegen 0.14/turn                E - ring of wizardry

@: tree-form (expiring), on berserk cooldown, slowed, very slow
A: stationary, stasis, torment immunity, boosted hp, (talons 1), (deformed
body), (sturdy frame 1)
a: Renounce Religion


You were on level 8 of the Dungeon.
You worshipped Fedhas.
Fedhas was aware of your devotion.
You were a tree.
You visited 2 branches of the dungeon, and saw 9 of its levels.

You collected 355 gold pieces.
You spent 30 gold pieces at shops.

Inventory:

Hand Weapons
 a - a +0 shortbow of venom (weapon)
 j - a +0 trident
 k - a +2 short sword of speed
 l - a +0 sling
 s - a +3 flail of freezing
 w - a +5 halberd
 y - a +1 dagger of venom
 G - a +4 scimitar
 O - a +3 hand axe
Missiles
 g - 3 javelins
 i - 38 poisoned darts
 r - 3 throwing nets
 F - 6 boomerangs
Armour
 h - a +0 cloak (melded)
 u - a +0 helmet (melded)
 x - an orb of guile
 B - a +0 buckler
 K - a +0 tower shield
 L - a +2 leather armour of cold resistance (melded)
Magical Staves
 d - a staff of cold
Jewellery
 t - a ring of protection from cold (left branch)
 A - a ring of fire
 E - a ring of wizardry (right branch)
Wands
 z - a wand of iceblast (12)
 N - a wand of light (8)
Scrolls
 b - 6 scrolls of immolation
 c - a scroll of summoning
 m - 4 scrolls of blinking
 n - 2 scrolls of magic mapping
 p - a scroll of fog
 C - a scroll of vulnerability {unknown}
 H - 2 scrolls of amnesia {unknown}
 I - a scroll of enchant armour {unknown}
Potions
 e - 3 potions of brilliance
 f - a potion of lignification
 o - 2 potions of curing
 v - a potion of degeneration
 D - 3 potions of mutation
 J - a potion of flight {unknown}


   Skills:
 + Level 3.1 Fighting
 - Level 16.0 Ranged Weapons
 - Level 2.4 Dodging
 - Level 1.2 Stealth
 - Level 3.0 Spellcasting
 - Level 1.0 Air Magic
 - Level 1.0 Poison Magic
 - Level 2.0 Evocations


You had 12 spell levels left.
You knew the following spells:

 Your Spells              Type           Power      Damage    Failure   Level
a - Poisonous Vapours     Pois/Air       8%         N/A       9%          2

Your spell library contained the following spells:

 Spells                   Type           Power      Damage    Failure   Level
 Sting                    Tmut/Pois      12%        1d3       8%          1
 Apportation              Tloc           2%         N/A       9%          1
 Necrotise                Necr           4%         1d4       9%          1
 Summon Small Mammal      Summ           4%         N/A       9%          1
 Olgreb's Toxic Radiance  Pois           4%         N/A       50%         4


Dungeon Overview and Level Annotations

Branches:
Dungeon (8/15)             Temple (1/1) D:5
   Lair: D:8-11

Altars:
Ashenzari
Cheibriados
Dithmenos
Elyvilon
Fedhas
Gozag
Hepliaklqana
Kikubaaqudgha
Makhleb
Nemelex Xobeh
Okawaru
Qazlal
Ru
Sif Muna
Trog
Uskayaw
Vehumet
Wu Jian
Xom
Yredelemnul
Zin
The Shining One

Shops:
D:1 !

Annotations:
D:5 1 transporter, Belterius's ghost, novice MiFi


Innate Abilities, Weirdness & Mutations

You are a tree.
Your roots penetrate the ground, keeping you stationary.
You cannot be teleported.
You are immune to unholy pain and torment.
Your maximum health is greatly increased.
Your equipment is partially melded.
((You have sharp toenails.))
((Armour fits poorly on your strangely shaped body.))
((Your movements are slightly less encumbered by armour. (ER -2)))


Message History

The water moccasin bites you but does no damage.
You hit the manticore!
The manticore is heavily wounded.
The manticore bites you!
The manticore claws you but does no damage.
The manticore claws you. The water moccasin barely misses you.
You closely miss the manticore.
The manticore is heavily wounded.
The water moccasin bites you but does no damage.
A gnoll comes into view. It is wielding a +0 flail.
The manticore bites you but does no damage.
The manticore claws you but does no damage. x2
You barely miss the manticore.
The manticore is heavily wounded.
You are no longer berserk.
You are exhausted.
You feel yourself slow down. The water moccasin bites you.
* * * LOW HITPOINT WARNING * * *
The gnoll hits you but does no damage.
The manticore bites you but does no damage.
The manticore barely misses you.
The manticore claws you but does no damage.
The water moccasin barely misses you.
Unknown command.
It was a potion of mutation.
You feel extremely strange.
Your body twists and deforms.
Your toenails lengthen and sharpen.
You feel less encumbered by your armour.
The water moccasin bites you but does no damage.
The manticore barely misses you.
The manticore claws you but does no damage.
The manticore claws you!
* * * LOW HITPOINT WARNING * * *
The gnoll hits you but does no damage.
The water moccasin bites you but does no damage.
A sky beast appears from thin air!
Reactivating autopickup.
A gnoll comes into view. It is wielding a +0 club.
The manticore bites you!
You die...
Fedhas appreciates your contribution to the ecosystem.

#.. ..#..#DS #.# .#
#.#..#z# #°# # ## .
#..#..#. #○.# # #.#
#.##..#...#..#
###.######.. #..#.#E☼#
.#.###....... #..#E○# #
..............###Y###..g#
##<###.#..# #...HSg..g..#
#.# #.#..# ####♣#####.##
#.# #.#..# #.#####.#
##.###.#..### #........
#...........# #.#######
#.........#.####.#######
#...##.#.##.............
...###.#.#######.#######
#### #.#.# #.# #.#.# #.#


You could see a manticore, 2 fire elementals, a water moccasin, a sky beast and
3 gnolls.

Vanquished Creatures
  Eustachio (D:5)
  2 water moccasins
  An acid dragon (D:8)
  An ice beast (D:7)
  A centaur (D:6)
  2 phantoms
  4 bullfrogs
  A kobold brigand (D:7)
  A gnoll sergeant (D:6)
  4 scorpions
  10 wights
  4 hounds
  2 jellies
  4 orc priests
  An iguana (D:4)
  5 orc wizards
  Robin (D:3)
  10 gnolls
  10 adders
  A shadow imp (D:5)
  2 white imps
  An ufetubus (D:5)
  4 dart slugs
  20 orcs
  3 endoplasms
  A giant cockroach (D:3)
  16 goblins
  10 hobgoblins
  2 jackals (D:5)
  7 ball pythons
  4 bats
  13 kobolds
  5 rats (D:2)
154 creatures vanquished.

Vanquished Creatures (others)
  5 plants (D:7)
5 creatures vanquished.

Grand Total: 159 creatures vanquished

Notes
Turn   | Place    | Note
-------+----------+-------------------------------------------
     0 | D:1      | jt the Deep Elf Hunter began the quest for the Orb.
     0 | D:1      | Reached XP level 1. HP: 12/12 MP: 3/3
   268 | D:1      | Reached skill level 6 in Ranged Weapons
   268 | D:1      | Reached XP level 2. HP: 14/16 MP: 4/4
   302 | D:1      | Found Kudan's Distillery.
   654 | D:1      | Bought a potion of curing for 30 gold pieces
  1012 | D:1      | Reached XP level 3. HP: 2/20 MP: 5/5
  1141 | D:2      | Reached skill level 7 in Ranged Weapons
  1391 | D:2      | Reached XP level 4. HP: 25/25 MP: 6/6
  2196 | D:3      | Reached skill level 8 in Ranged Weapons
  2440 | D:3      | Reached XP level 5. HP: 27/29 MP: 7/7
  2607 | D:3      | Found a white marble altar of Elyvilon.
  2737 | D:3      | Noticed Robin
  2751 | D:3      | Killed Robin
  2832 | D:3      | Found a faded altar of an unknown god.
  2916 | D:3      | Found an iron altar of Okawaru.
  3078 | D:4      | Reached skill level 9 in Ranged Weapons
  3167 | D:4      | Noticed a phantom
  3173 | D:4      | Killed a phantom
  3174 | D:4      | Reached skill level 1 in Evocations
  3174 | D:4      | Reached XP level 6. HP: 30/34 MP: 8/8
  3637 | D:4      | Reached skill level 10 in Ranged Weapons
  3768 | D:5      | Entered Level 5 of the Dungeon
  3768 | D:5      | Noticed Belterius's ghost (novice MiFi)
  3768 | D:5      | Found a transporter.
  3780 | D:5      | Learned a level 2 spell: Poisonous Vapours
  3980 | D:5      | Noticed Eustachio
  4010 | D:5      | Killed Eustachio
  4011 | D:5      | Reached XP level 7. HP: 36/40 MP: 1/9
  4662 | D:5      | Reached skill level 11 in Ranged Weapons
  4813 | D:5      | Found a staircase to the Ecumenical Temple.
  4825 | Temple   | Entered the Ecumenical Temple
  5184 | D:6      | Reached skill level 1 in Spellcasting
  5204 | D:6      | Reached skill level 1 in Air Magic
  5204 | D:6      | Reached skill level 1 in Poison Magic
  5685 | D:6      | Reached XP level 8. HP: 46/46 MP: 14/14
  5726 | D:6      | Reached skill level 12 in Ranged Weapons
  5927 | D:6      | Reached skill level 13 in Ranged Weapons
  6467 | D:6      | Found a blossoming altar of Fedhas.
  6479 | D:6      | Became a worshipper of Fedhas Madash
  6929 | D:7      | Reached skill level 14 in Ranged Weapons
  7371 | D:7      | Reached XP level 9. HP: 34/50 MP: 15/15
  7572 | D:7      | Reached skill level 15 in Ranged Weapons
  7662 | D:7      | Reached * piety under Fedhas
  8095 | D:8      | Noticed a manticore
  8106 | D:8      | Reached skill level 16 in Ranged Weapons
  8108 | D:8      | Noticed a deep elf pyromancer
  8114 | D:8      | Gained mutation: Armour fits poorly on your strangely
                  | shaped body. [potion of mutation]
  8114 | D:8      | Gained mutation: You have sharp toenails. [potion of
                  | mutation]
  8114 | D:8      | Gained mutation: Your movements are slightly less
                  | encumbered by armour. (ER -2) [potion of mutation]
  8114 | D:8      | Slain by a manticore

Illustrated notes

Levels and vault maps discovered:
D:1:      psy_arrival_terrarium, layout_loops_corners, serial_shops, shop,
          nrook_loot_triangle, hangedman_decor_points
D:2:      layout_basic
D:3:      layout_loops_corners, okawaru_altar_gauntlet_db,
          mainiacjoe_overflow_alcove_1, basic_ecumenical_altar, uniq_robin
D:4:      layout_basic
D:5:      layout_loops_ring, minmay_temple_entry_fiery,
          gammafunk_ghost_mausoleum, dreamdust_princess_bridge,
          eino_tiny_chamber, dreamdust_wishing_well, solitary_fountain,
          uniq_eustachio
D:6:      layout_basic, kennysheep_mini
D:7:      layout_gridville, serial_bayou_pond_c, kennysheep_generic_room_14
D:8:      minmay_the_grid_octo_triangle [minmay_the_grid_octo_thin_diamonds,
          minmay_the_grid_octo_prize_single_spiral,
          minmay_the_grid_octo_clover_2], layout_loops_ring, serial_shops,
          nicolae_shop_hallway_plus
Temple:   nicolae_temple_bog_church

Skill      XL: |  1  2  3  4  5  6  7  8  9 |
---------------+----------------------------+-----
Ranged Weapons | 6 7 8 9 10 11 14 16 | 16.0
Evocations     | 1 2 |  2.0
Fighting       | 2 3 |  3.1
Spellcasting   | 3 |  3.0
Air Magic      | 1 |  1.0
Poison Magic   | 1 |  1.0
Dodging        | |  2.4
Stealth        | |  1.2

Action                   |  1- 3 |  4- 6 |  7- 9 || total
-------------------------+-------+-------+-------++-------
Melee: Shortbow          |       |       |    12 ||    12
 Fire: Shortbow          |    56 |   168 |   285 ||   509
Throw: Dart              |       |       |     1 ||     1
 Cast: Poisonous Vapours |       |     3 |    18 ||    21
Evoke: Wand              |       |       |     8 ||     8
  Use: Potion            |     1 |     1 |     6 ||     8
       Scroll            |       |     4 |     5 ||     9
Armor: Leather armour    |     8 |    14 |    28 ||    50
       Skin              |       |       |    37 ||    37
Dodge: Dodged            |    21 |    44 |    61 ||   126

Table legend: (Time is in decaauts)
 A = Elapsed time spent in this place.
 B = Non-inter-level travel time spent in this place.
 C = Inter-level travel time spent in this place.
 D = Time resting spent in this place.
 E = Time spent auto-exploring this place.
 F = Levels seen in this place.
 G = Mean time per level.
                   A        B        C        D        E       F      G
               +--------+--------+--------+--------+--------+-----+--------+
         Total |   8134 |   7572 |    562 |   1019 |   4515 |   9 |  903.8 |
       Dungeon |   7956 |   7394 |    562 |   1019 |   4358 |   8 |  994.5 |
        Temple |    178 |    178 |      0 |      0 |    157 |   1 |  178.0 |
               +--------+--------+--------+--------+--------+-----+--------+

Top non-repeatable levels by time:
     D:6: 1710 daAuts
     D:5: 1271 daAuts
     D:3: 1189 daAuts
     D:1: 1161 daAuts
     D:7: 1048 daAuts
     D:4: 815 daAuts
     D:2: 654 daAuts
  Temple: 178 daAuts
     D:8: 104 daAuts
